 Dungeon Crawl Stone Soup version 0.20-a0-501-g0de2c2e (webtiles) character file.

277 AlphabetPasta the Charlatan (level 6, 0/57 HPs)
             Began as a Troll Artificer on Jan 19, 2017.
             Incinerated by Raine357's ghost (8 damage)
             ... with a sticky flame
             ... on level 2 of the Dungeon.
             The game lasted 00:13:15 (3129 turns).

AlphabetPasta the Charlatan (Troll Artificer)       Turns: 3129, Time: 00:13:15

Health: 0/57       AC:  5    Str: 22    XL:     6   Next: 4%
Magic:  7/7        EV: 10    Int:  7    God:
Gold:   134        SH:  0    Dex: 11    Spells: 5/5 levels left

rFire    . . .     SeeInvis .   b - +1 dagger (holy)
rCold    . . .     Gourm    +   n - +0 robe
rNeg     . . .     Faith    .   (no shield)
rPois    .         Spirit   .   (helmet restricted)
rElec    .         Reflect  .   (no cloak)
rCorr    .         Harm     .   (gloves unavailable)
MR       .....                  (boots unavailable)
Stlth    +.........             (no amulet)
Regen    0.6/turn               (no ring)
                                (no ring)

@: liquid flames, glowing
A: unfitting armour, claws 3, fast metabolism 3, gourmand, regeneration 1,
shaggy fur 1, tough skin 2
a: no special abilities


You were on level 2 of the Dungeon.
You were not hungry.

You visited 1 branch of the dungeon, and saw 3 of its levels.

You collected 134 gold pieces.

Inventory:

Hand Weapons
 a - a +0 short sword
 b - a +1 dagger of holy wrath (weapon)
 i - a +1 club
Armour
 n - a +0 robe (worn)
Wands
 c - a wand of flame (5/48)
 d - a wand of enslavement (15/24)
 e - a wand of random effects (10/48)
Scrolls
 g - 2 scrolls of enchant weapon
Potions
 k - a potion of brilliance
 m - a potion of magic
 o - a potion of curing {unknown}
 p - 2 potions of heal wounds {unknown}
Comestibles
 f - 3 bread rations
 h - a royal jelly
 j - a beef jerky
 l - a meat ration


   Skills:
 + Level 1.9 Fighting
 - Level 0.7 Short Blades
 * Level 2.3 Maces & Flails
 + Level 1.6 Throwing
 + Level 1.5 Armour
 + Level 2.4 Dodging
 - Level 0.3 Stealth
 * Level 3.0 Evocations


You had 5 spell levels left.
You didn't know any spells.

Dungeon Overview and Level Annotations

Branches:
Dungeon (3/15)

Altars:
Cheibriados

Annotations:
D:3 Raine357's ghost, amateur DEFE


Innate Abilities, Weirdness & Mutations

You are too large for most types of armour.
You have claws for hands.
Your metabolism is lightning-fast.
You like to eat raw meat.
Your natural rate of healing is unusually fast.
You are covered in fur. (AC +1)
You have very tough skin. (AC +2)


Message History

Raine357's ghost is lightly damaged.
Raine357's ghost hits you but does no damage.
You hit Raine357's ghost but do no damage.
Raine357's ghost is lightly damaged.
Raine357's ghost sprays you with burning goo.
The sticky flame hits you!
You are covered in liquid flames!
You are covered in liquid flames!
Raine357's ghost sprays you with burning goo.
The sticky flame hits you!
You are covered in liquid flames!
You climb upwards.
You are covered in liquid flames!
There is a stone staircase leading down here.
You are covered in liquid flames!
* * * LOW HITPOINT WARNING * * *
You are covered in liquid flames!
* * * LOW HITPOINT WARNING * * *
You are covered in liquid flames!
You die...

########### #.........###
#.#######....
#################.# #....
#.................#######.#..
#.###..#####@..>..........#.#
#.###...## #.####.######.....
#.##.≈≈≈.# #.......# #.##.#
#.##≈≈≈≈≈# #.####..# #.##.#
#.##≈≈.≈≈###.####..#####.##.#
#.##≈≈≈≈≈#.....##...........#
#..##≈≈≈##.###....!..###.##.#
##.###_#.÷.# #.#####.# #.##.#
#.# #####.###.# #.###.##.#


There were no monsters in sight!

Vanquished Creatures
  A phantom (D:3)
  An orc priest (D:3)
  Terence (D:2)
  4 adders
  7 worms
  4 dart slugs
  3 leopard geckos
  2 orcs (D:3)
  2 ball pythons
  4 bats
  5 giant cockroaches
  5 hobgoblins
  6 jackals
  2 quokkas
  4 frilled lizards (D:2)
  6 goblins
  3 kobolds
  7 rats
67 creatures vanquished.

Notes
Turn   | Place    | Note
-------+----------+-------------------------------------------
     0 | D:1      | AlphabetPasta the Troll Artificer began the quest for the Orb.
     0 | D:1      | Reached XP level 1. HP: 18/18 MP: 1/1
   237 | D:1      | Reached skill level 1 in Fighting
   242 | D:1      | Reached XP level 2. HP: 21/27 MP: 2/2
  1012 | D:2      | Reached XP level 3. HP: 33/33 MP: 3/3
  1116 | D:2      | Reached skill level 1 in Throwing
  1184 | D:2      | Found a snail-covered altar of Cheibriados.
  1214 | D:2      | Reached skill level 1 in Maces & Flails
  1282 | D:2      | Noticed Terence
  1405 | D:2      | Killed Terence
  1405 | D:2      | Reached skill level 1 in Armour
  1405 | D:2      | Reached XP level 4. HP: 14/41 MP: 4/4
  1976 | D:3      | Noticed Raine357's ghost (amateur DEFE)
  2179 | D:3      | Reached XP level 5. HP: 38/49 MP: 6/6
  2519 | D:3      | Noticed a phantom
  2553 | D:3      | Killed a phantom
  2553 | D:3      | Reached skill level 3 in Evocations
  2553 | D:3      | Reached XP level 6. HP: 45/57 MP: 7/7
  3129 | D:2      | Incinerated by Raine357's ghost

Vault maps used:
D:1:      dpeg_arrival_pond, minmay_cut_off
D:2:      kennysheep_slug_shrine, nicolae_underground_beach, uniq_terence
D:3:      first_bread

Skill      XL: |  1  2  3  4  5 |
---------------+----------------+-----
Fighting       | 1 |  1.9
Throwing       | 1 |  1.6
Maces & Flails | 1 2 |  2.3
Dodging        | 2 |  2.4
Armour         | 1 |  1.5
Evocations     | 3 |  3.0
Short Blades   | |  0.7
Stealth        | |  0.3

Action                   |  1- 3 |  4- 6 || total
-------------------------+-------+-------++-------
Melee: Short sword       |   139 |   131 ||   270
       Dagger            |       |    59 ||    59
Evoke: Wand              |    11 |     4 ||    15
  Use: Scroll            |     6 |     2 ||     8
       Potion            |     1 |       ||     1
 Stab: Sleeping          |     1 |     3 ||     4
  Eat: Chunk             |    18 |    12 ||    30
Armor: Robe              |    62 |    49 ||   111
Dodge: Dodged            |    68 |    57 ||   125
